AoeStats
← TTAITAI

Nomad

509362952Analyzed
4v4 RM · 5d ago on Sep 26, 2026· 38m 44s· 8 players
Game mode
Random Map
Map size
231×231
Population
200
Speed
Normal
Resources
Standard
Victory
Conquest
Starting age
Dark Age
Ending age
Imperial Age
RankedLock teamsTeams togetherTeam positionsShared explorationLock speedFull tech treeHidden civsTurbo modeCheats
Victory
Defeat
🇻🇳 Huns · Vietnam
1176
+14
🇹🇼 Mongols · Taiwan
1165
+15
🇹🇼 Persians · Taiwan
1153
+15
🇮🇩 Varangians · Indonesia
1050
+19
🇳🇱 Turks · Netherlands
1175
-18
🇨🇳 Huns · China
1146
-16
🇨🇳 Huns · China
1103
-15
🇺🇸 Mongols · United States
1098
-14
饱受摧残的萌新
4:32 Loom
12:23 Loom
14:56 Feudal Age
19:15 Castle Age
18:40 Double-Bit Axe
25:18 Pikeman
26:35 Squires
29:55 Bow Saw
33:19 Fletching
33:30 Padded Archer Armor
33:32 Gold Mining
33:33 Stone Mining
34:10 Thumb Ring
Deathiscoming
7:39 Loom
15:31 Feudal Age
13:49 Loom
15:34 Feudal Age
17:54 Forging
17:52 Fishing Lines
21:10 Castle Age
19:28 Double-Bit Axe
21:10 Bloodlines
20:52 Fletching
21:44 Gillnets
23:18 Medium Warships
24:10 Town Watch
25:01 Wheelbarrow
25:32 Bow Saw
29:04 Thumb Ring
28:59 Bodkin Arrow
30:03 Ballistics
29:58 Clinker Construction
30:23 Clinker Construction
30:59 Horse Collar
32:24 Sipahi
32:12 Padded Archer Armor
34:38 Heavy Plow
34:51 Fortified Wall
40:12 Imperial Age
37:45 Husbandry
38:42 Leather Archer Armor
1109919864
6:49 Loom
11:05 Loom
13:33 Feudal Age
18:53 Castle Age
17:22 Town Watch
17:32 Double-Bit Axe
18:16 Stone Mining
18:16 Town Watch
21:44 Fletching
27:04 Pikeman
30:21 Bodkin Arrow
31:05 Padded Archer Armor
32:48 Wheelbarrow
32:34 Squires
32:52 Gold Mining
33:07 Horse Collar
34:38 Leather Archer Armor
mark_aoe_2024
4:36 Loom
13:04 Feudal Age
20:25 Castle Age
20:11 Bloodlines
21:00 Horse Collar
22:21 Husbandry
24:32 Double-Bit Axe
26:01 Bow Saw
27:47 Fletching
28:42 Wheelbarrow
28:55 Bodkin Arrow
31:54 Thumb Ring
31:57 Light Cavalry
34:16 Hand Cart
OtongSlayer
3:26 Loom
15:55 Feudal Age
16:40 Double-Bit Axe
17:46 Fishing Lines
20:44 Castle Age
21:07 Scale Barding Armor
21:20 Scale Mail Armor
22:29 Bow Saw
22:43 Gold Mining
23:41 Forging
23:25 Stone Mining
24:08 Squires
24:33 Gillnets
28:05 Chain Mail Armor
27:43 Pikeman
28:09 Arson
29:06 Gambesons
30:27 Elite Skirmisher
31:15 Fletching
32:00 Bodkin Arrow
32:05 Padded Archer Armor
33:48 Ballistics
37:06 Imperial Age
35:24 Chain Barding Armor
36:32 Bloodlines
37:49 Horse Collar
younguns
5:34 Loom
5:58 Loom
14:11 Feudal Age
18:55 Castle Age
19:42 Double-Bit Axe
19:39 Horse Collar
22:28 Forging
23:26 Bloodlines
23:17 Husbandry
25:08 Light Cavalry
26:36 Scale Barding Armor
28:41 Wheelbarrow
30:11 Chain Barding Armor
30:27 Iron Casting
30:02 Fletching
33:17 Bodkin Arrow
36:32 Imperial Age
34:14 Padded Archer Armor
34:32 Hand Cart
34:40 Bow Saw
35:19 Leather Archer Armor
36:12 Town Watch
37:46 Cavalier
38:41 Bracer
halong1301
14:08 Feudal Age
13:14 Loom
17:49 Castle Age
16:51 Double-Bit Axe
19:48 Bow Saw
20:47 Horse Collar
22:00 Heavy Plow
24:40 Stone Mining
24:41 Gold Mining
29:30 Imperial Age
27:07 Husbandry
27:15 Fishing Lines
28:52 Gold Shaft Mining
28:25 Scale Barding Armor
28:31 Forging
28:37 Bloodlines
29:16 Marauders
30:16 Chain Barding Armor
30:39 Elite Tarkan
32:07 Plate Barding Armor
33:01 Iron Casting
35:23 Blast Furnace
TTAITAI
5:17 Loom
9:36 Loom
13:46 Feudal Age
14:28 Double-Bit Axe
20:46 Castle Age
19:29 Scale Barding Armor
19:34 Forging
20:05 Horse Collar
21:22 Bloodlines
21:14 Husbandry
21:30 Bow Saw
26:25 Chain Barding Armor
30:14 Heavy Plow
32:30 Iron Casting
Connection lost

Rejoining the realm…

Still unreachable

The connection could not be restored.

Session expired

The server has moved on; the page needs a fresh start.